 Dungeon Crawl Stone Soup version 0.30-a0-824-g6c64550be9 (webtiles) character file.

Game seed: 13768568184814881602

6498 demibob the Basher (level 10, -3/93 HPs)
             Began as a Troll Berserker on Feb 28, 2023.
             Was an Elder of Trog.
             Slain by a fire elemental (10 damage)
             ... summoned by a deep elf pyromancer
             ... on level 8 of the Dungeon.
             The game lasted 00:11:53 (5819 turns).

demibob the Basher (Troll Berserker)                Turns: 5819, Time: 00:11:54

Health: -3/93      AC: 10    Str: 29    XL:     10   Next: 68%
Magic:  9/9        EV: 10    Int:  5    God:    Trog [****..]
Gold:   338        SH:  0    Dex:  9    Spells: 9/9 levels left

rFire   . . .      SeeInvis +    b - +0 giant spiked club
rCold   + + +      Faith    .    (shield currently unavailable)
rNeg    . . .      Spirit   .    p - +4 skin of Zhor {*Englaciate rC+++ SInv}
rPois   .          Reflect  .    (helmet restricted)
rElec   .          Harm     .    e - +1 cloak
rCorr   .          Rampage  .    (gloves unavailable)
Will    .....                    (boots unavailable)
Stlth   +                        (no amulet)
HPRegen 1.15/turn                L - ring of flight
MPRegen 0.11/turn                (no ring)

@: about to teleport, on berserk cooldown, flying, slowed, very slow
A: large, unfitting armour, claws 3, regeneration 1, shaggy fur 1, tough skin 1
a: Renounce Religion, Berserk, Trog's Hand, Brothers in Arms


You were on level 8 of the Dungeon.
You worshipped Trog.
Trog was greatly pleased with you.
You visited 1 branch of the dungeon, and saw 8 of its levels.

You collected 338 gold pieces.


Innate Abilities, Weirdness & Mutations

You are too large for most types of armour.
You have claws for hands.
Your natural rate of healing is unusually fast.
You are covered in fur. (AC +1)
You have tough skin. (AC +1)


   Skills:
 + Level 4.2 Fighting
 + Level 14.5 Maces & Flails
 - Level 2.4 Dodging


You had 9 spell levels left.
You didn't know any spells.
Your spell library was empty.

Inventory:

Hand Weapons
 a - a +1 mace of protection
 b - a +0 giant spiked club (weapon)
Missiles
 c - 2 throwing nets {=f}
Armour
 e - a +1 cloak (worn)
 p - the +4 skin of Zhor (worn) {*Englaciate rC+++ SInv}
   (You found it on level 7 of the Dungeon)

   *Englaciate: It radiates cold, occasionally slowing all nearby creatures who
   are not resistant to cold.
   rC:        It renders you almost immune to cold.
   SInv:      It lets you see invisible.
Jewellery
 v - a ring of see invisible
 L - a ring of flight (left claw)
Wands
 j - a wand of roots (6)
 o - a wand of paralysis (7)
 q - a wand of flame (34)
 r - a wand of digging (2)
Scrolls
 f - a scroll of fog
 m - 6 scrolls of teleportation {@r2}
 s - a scroll of brand weapon {unknown}
Potions
 d - a potion of mutation
 h - a potion of attraction
 i - 3 potions of might
 k - 6 potions of curing {@q1}
 l - 2 potions of haste {unknown}
 n - a potion of cancellation {unknown}

Dungeon Overview and Level Annotations

Branches:
Dungeon (8/15)             Temple (0/1) D:4
   Lair: D:8-11

Altars:
Ashenzari
Nemelex Xobeh
Ru
Uskayaw

Shops:
D:2 [   D:7 =

Annotations:
D:1 2 transporters
D:5 2 runed translucent doors, tarna41's ghost, amateur FeCj
D:7 3 runed translucent doors, arandomgamer's ghost, novice GnGl

## ####.# ....# #.#.#
###...# #....# ##.#.#
##.E@# ##.○E## ##
#...## .#
.###########..°☼# .# #
.#...........##☼.#
..##.
.#.##########.##°.#
...# ...# ##.##..#
#..# .##### #..##.e#
#...#
.....#########...##..#
#.##.#


You could see 2 fire elementals.


Message History

The deep elf pyromancer is moderately wounded.
The deep elf pyromancer gestures wildly while chanting.
The deep elf pyromancer blinks!
The fire elemental closely misses you.
You barely miss the fire elemental. The fire elemental hits you.
The fire elemental burns you!
* * * LOW HITPOINT WARNING * * *
The fire elemental hits you. The fire elemental burns you!
* * * LOW HITPOINT WARNING * * *
You feel a strong urge to attack something.
You are no longer berserk.
You are exhausted.
You feel yourself slow down.
You feel much better. The fire elemental hits you.
The fire elemental burns you!
* * * LOW HITPOINT WARNING * * *
Use which ability? (? or * to list)
You fail to use your ability.
You radiate an aura of cold.
The fire elemental seems to slow down. x2
The fire elemental hits you. The fire elemental burns you!
* * * LOW HITPOINT WARNING * * *
As you read the scroll of teleportation {@r2}, it crumbles to dust.
You feel strangely unstable.
You radiate an aura of cold.
The fire elemental seems to slow down. x2
The fire elemental barely misses you. The fire elemental hits you.
The fire elemental burns you!
* * * LOW HITPOINT WARNING * * *
The fire elemental hits you. The fire elemental burns you!
* * * LOW HITPOINT WARNING * * *
The fire elemental hits you. The fire elemental burns you!
You die...

Skill      XL: |  1  2  3  4  5  6  7  8  9 10 |
---------------+-------------------------------+-----
Maces & Flails | 3 4 5 6 7 9 11 13 14 | 14.5
Fighting       | 4 |  4.2
Dodging        | |  2.4

Action                     |  1- 3 |  4- 6 |  7- 9 | 10-12 || total
---------------------------+-------+-------+-------+-------++-------
  Melee: Mace              |    79 |   155 |   368 |    54 ||   656
         Punch             |       |     1 |     5 |       ||     6
         Giant spiked club |       |       |     4 |   102 ||   106
 Invoke: Berserk           |     1 |     2 |     5 |     1 ||     9
  Evoke: Wand              |       |       |       |     5 ||     5
    Use: Scroll            |       |    11 |     7 |     4 ||    22
         Potion            |       |       |     3 |     2 ||     5
   Stab: Sleeping          |       |     2 |       |       ||     2
         Distracted        |       |       |     1 |       ||     1
         Invisible         |       |       |     2 |       ||     2
         Paralysed         |       |       |       |     3 ||     3
 Armour: Animal skin       |    42 |   126 |   185 |    65 ||   418
  Dodge: Dodged            |    70 |   105 |   259 |    86 ||   520

Levels and vault maps discovered:
D:1:      spicycebolla_arrival_transporter_tutorial, layout_basic,
          minmay_crystal_water
D:2:      layout_loops_cross, serial_shops, nicolae_shop_stone,
          corexii_hall_statues_l, uniq_robin, uniq_jessica
D:3:      layout_loops_cross, mainiacjoe_overflow_concentric_impassable,
          lemuel_tele_altar, nicolae_uskayaw_murder_on_the_dancefloor
D:4:      kennysheep_big_flooded_room, layout_cave_pools,
          minmay_temple_entry_slanted, uniq_menkaure, uniq_natasha,
          uniq_blork_the_orc
D:5:      layout_rooms, ebering_ghost_disaster_area
D:6:      layout_rooms
D:7:      layout_cave_pools, kennysheep_mini_moat, gammafunk_ghost_necromancy,
          serial_shops, nicolae_shop_competitors_out_of_business,
          hellmonk_guarded_unrand_zhor
D:8:      layout_loops_ring, kennysheep_small_spiral, minmay_diamond_spiral

Notes
Turn   | Place    | Note
-------+----------+-------------------------------------------
     0 | D:1      | demibob the Troll Berserker began the quest for the Orb.
     0 | D:1      | Reached XP level 1. HP: 22/22 MP: 0/0
    64 | D:1      | Reached skill level 3 in Maces & Flails
   105 | D:1      | Reached XP level 2. HP: 29/29 MP: 1/1
   231 | D:1      | You fall into a shaft and drop 1 floor!
   309 | D:2      | Noticed Jessica
   321 | D:2      | Killed Jessica
   322 | D:2      | Reached skill level 4 in Maces & Flails
   322 | D:2      | Reached XP level 3. HP: 27/36 MP: 2/2
   363 | D:2      | Reached ** piety under Trog
   395 | D:2      | Found Inlytsuo's Armour Boutique.
   495 | D:2      | Noticed Robin
   506 | D:2      | Reached XP level 4. HP: 44/44 MP: 3/3
   509 | D:2      | Killed Robin
   668 | D:2      | Reached skill level 5 in Maces & Flails
  1597 | D:3      | Reached *** piety under Trog
  1598 | D:3      | Reached XP level 5. HP: 50/50 MP: 4/4
  1653 | D:3      | Found a sparkling altar of Nemelex Xobeh.
  1783 | D:3      | Found a hide-covered altar of Uskayaw.
  1818 | D:3      | Found a broken altar of Ashenzari.
  2335 | D:4      | Noticed Natasha
  2337 | D:4      | Noticed Blork the orc
  2341 | D:4      | Killed Natasha
  2341 | D:4      | Noticed an ogre
  2349 | D:4      | Killed Blork the orc
  2350 | D:4      | Reached skill level 6 in Maces & Flails
  2356 | D:4      | Killed an ogre
  2356 | D:4      | Noticed Natasha
  2357 | D:4      | Reached XP level 6. HP: 49/59 MP: 5/5
  2364 | D:4      | Killed Natasha
  2468 | D:4      | Noticed Menkaure
  2469 | D:4      | Noticed Natasha
  2482 | D:4      | Reached skill level 7 in Maces & Flails
  2486 | D:4      | Killed Menkaure
  2487 | D:4      | Reached XP level 7. HP: 43/66 MP: 6/6
  2491 | D:4      | Killed Natasha
  2533 | D:4      | Found a staircase to the Ecumenical Temple.
  2646 | D:4      | Reached skill level 8 in Maces & Flails
  2867 | D:5      | Entered Level 5 of the Dungeon
  3053 | D:5      | Identified the +10 rapier "Fodipp" {spect, rF+ Str-5 Int+3}
  3197 | D:5      | Found a large runed translucent door.
  3197 | D:5      | Found a large runed translucent door.
  3215 | D:5      | Reached skill level 9 in Maces & Flails
  3215 | D:5      | Reached XP level 8. HP: 41/74 MP: 7/7
  3255 | D:5      | Noticed tarna41's ghost (amateur FeCj)
  3647 | D:6      | Reached skill level 10 in Maces & Flails
  3661 | D:6      | Reached **** piety under Trog
  3728 | D:6      | Reached skill level 11 in Maces & Flails
  3824 | D:6      | Reached XP level 9. HP: 49/80 MP: 8/8
  4042 | D:7      | Noticed a rime drake
  4042 | D:7      | Noticed a rime drake
  4042 | D:7      | Noticed a rime drake
  4042 | D:7      | Noticed a rime drake
  4042 | D:7      | Found the +4 skin of Zhor {*Englaciate rC+++ SInv}
  4052 | D:7      | Noticed a rime drake
  4056 | D:7      | Found a runed translucent gate.
  4056 | D:7      | Found a runed translucent gate.
  4056 | D:7      | Found a runed translucent gate.
  4058 | D:7      | Noticed a rime drake
  4149 | D:7      | Reached skill level 12 in Maces & Flails
  4200 | D:7      | Killed a rime drake
  4205 | D:7      | Killed a rime drake
  4348 | D:7      | Reached skill level 13 in Maces & Flails
  4424 | D:7      | Noticed arandomgamer's ghost (novice GnGl)
  4438 | D:7      | Killed a rime drake
  4445 | D:7      | Killed a rime drake
  4446 | D:7      | Reached XP level 10. HP: 74/88 MP: 9/9
  4659 | D:7      | Found Zuretyu's Jewellery Shop.
  4774 | D:7      | Noticed a boulder beetle
  4785 | D:7      | Killed a boulder beetle
  4786 | D:7      | Reached skill level 14 in Maces & Flails
  4869 | D:7      | Found a sacrificial altar of Ru.
  5055 | D:7      | Reached skill level 3 in Fighting
  5782 | D:8      | Noticed a manticore
  5790 | D:8      | Reached ***** piety under Trog
  5793 | D:8      | Noticed a deep elf pyromancer
  5803 | D:8      | Killed a manticore
  5804 | D:8      | Reached skill level 4 in Fighting
  5813 | D:8      | HP: 9/139 [fire elemental[a deep elf pyromancer] (12)]
  5819 | D:8      | HP: 7/93 [fire elemental[a deep elf pyromancer] (10)]
  5819 | D:8      | Slain by a fire elemental

Vanquished Creatures
  A boulder beetle (D:7)
  A manticore (D:8)
  6 rime drakes (D:7)
  A hornet (D:8)
  3 yaks (D:7)
  A steam dragon (D:6)
  Menkaure (D:4)
  A water moccasin (D:7)
  A black bear (D:6)
  2 sky beasts (D:7)
  An ice beast (D:7)
  An orc warrior (D:7)
  An ogre (D:4)
  4 centaurs
  A phantom (D:4)
  4 kobold brigands
  Blork the orc (D:4)
  A gnoll sergeant (D:7)
  2 bullfrogs
  5 scorpions
  A necrophage (D:7)
  5 wights (D:6)
  6 killer bees (D:7)
  A howler monkey (D:5)
  4 hounds
  3 jellies (D:5)
  2 orc priests (D:8)
  Jessica (D:2)
  7 orc wizards
  Natasha (thrice) (D:4)
  Robin (D:2)
  4 gnolls (D:7)
  7 adders
  A white imp (D:5)
  An ufetubus (D:5)
  A worm (D:2)
  15 orcs
  4 ball pythons
  4 endoplasms
  3 giant cockroaches
  19 goblins
  13 hobgoblins
  7 jackals
  3 quokkas
  10 bats
  3 frilled lizards
  23 kobolds
  2 rats
193 creatures vanquished.

Table legend: (Time is in decaauts)
 A = Elapsed time spent in this place.
 B = Non-inter-level travel time spent in this place.
 C = Inter-level travel time spent in this place.
 D = Time resting spent in this place.
 E = Time spent auto-exploring this place.
 F = Levels seen in this place.
 G = Mean time per level.
                   A        B        C        D        E       F      G
               +--------+--------+--------+--------+--------+-----+--------+
         Total |   5879 |   5677 |    202 |    327 |   3932 |   8 |  734.9 |
       Dungeon |   5879 |   5677 |    202 |    327 |   3932 |   8 |  734.9 |
               +--------+--------+--------+--------+--------+-----+--------+

Top non-repeatable levels by time:
     D:7: 1056 daAuts
     D:2: 912 daAuts
     D:3: 783 daAuts
     D:8: 674 daAuts
     D:5: 637 daAuts
     D:4: 625 daAuts
     D:1: 621 daAuts
     D:6: 566 daAuts

Table legend:
 A = Non-vault XP
 B = Vault XP
 C = Vault XP percentage of total XP
 D = Non-vault monster count
 E = Vault monster count
 F = Vault count percentage of total count
                 A         B        C        D         E       F
            +---------+---------+-------+---------+---------+-------
      Total |    6342 |    2941 |  31.7 |     167 |      26 |  13.5
            +---------+---------+-------+---------+---------+-------
        D:1 |      40 |       0 |   0.0 |      24 |       0 |   0.0
        D:2 |      64 |      74 |  53.6 |      15 |      14 |  48.3
        D:3 |      50 |       0 |   0.0 |      15 |       0 |   0.0
        D:4 |     488 |     300 |  38.1 |      22 |       5 |  18.5
        D:5 |     636 |       0 |   0.0 |      19 |       0 |   0.0
        D:6 |    1254 |       0 |   0.0 |      18 |       0 |   0.0
        D:7 |    2868 |    2034 |  41.5 |      27 |       6 |  18.2
        D:8 |     942 |     533 |  36.1 |      27 |       1 |   3.6
            +---------+---------+-------+---------+---------+-------
